 Dungeon Sprint DCSS version 0.31-a0-836-g3ceb0a68c4 (webtiles) character file.

Game seed: 15239623532215902726

173 sircluck the Ruffian (level 5, -2/59 HPs)
             Began as a Troll Berserker on Sept 26, 2023.
             Was an Elder of Trog.
             Slain by a fire elemental (10 damage)
             ... summoned by a deep elf pyromancer
             ... in the Dungeon (Sprint III: "The Ten Rune Challenge").
             The game lasted 00:01:06 (252 turns).

sircluck the Ruffian (Troll Berserker)               Turns: 252, Time: 00:01:06

Health: -2/59      AC:  5    Str: 27    XL:     5   Next: 28%
Magic:  4/4        EV: 11    Int:  3    God:    Trog [****..]
Gold:   13         SH:  0    Dex:  9    Spells: 4/4 levels left

rFire   . .          .
                       - Unarmed
rCold   . . .        (no shield)
rNeg    . . .        a - +0 animal skin
rPois   .            (helmet restricted)
rElec   .            b - +0 cloak
rCorr   .            (gloves unavailable)
SInv    .            (boots unavailable)
Will    .....        (no amulet)
Stlth   +            (no ring)
HPRegen 1.09/turn    (no ring)
MPRegen 0.09/turn

%: no teleportation
@: no status effects
A: large, unfitting armour, claws 3, regeneration 1, shaggy fur 1, tough skin 1,
antennae 1, wild magic 1, MP-powered wands
a: Renounce Religion, Berserk, Trog's Hand, Brothers in Arms


You were in the Dungeon.
You worshipped Trog.
Trog was greatly pleased with you.
You visited 1 branch You collected 13 gold pieces.

Inventory:

Armour
 a - a +0 animal skin (worn)
 b - a +0 cloak (worn)
Scrolls
 g - 2 scrolls of blinking
 h - 2 scrolls of enchant weapon {unknown}
 j - 2 scrolls of poison {unknown}
 m - 2 scrolls of identify
Potions
 c - a potion of heal wounds
 d - a potion of haste
 e - 2 potions of magic
 f - a potion of berserk rage
 k - a potion of brilliance {unknown}
 l - 3 potions of enlightenment
 n - a potion of ambrosia {unknown}


   Skills:
 + Level 5.8 Fighting
 + Level 5.7 Dodging
 + Level 6.9 Unarmed Combat


You had 4 spell levels left.
You didn't know any spells.
Your spell library was empty.

Dungeon Overview and Level Annotations

Branches:
Dungeon (1/1)

Altars:
Elyvilon
Kikubaaqudgha
Sif Muna
Vehumet
Zin
The Shining One


Innate Abilities, Weirdness & Mutations

You are too large for most types of armour.
You have claws for hands.
Your natural rate of healing is unusually fast.
You are covered in fur. (AC +1)
You have tough skin. (AC +1)
You have a pair of small antennae on your head.
Your spells are a little harder to cast, but a little more powerful.
You expend magic power (3 MP) to strengthen your wands.


Message History

The deep elf pyromancer hits you with a +2 long sword of holy wrath.
You closely miss the deep elf pyromancer.
The deep elf pyromancer is moderately wounded.
The deep elf pyromancer mumbles some strange words.
You barely miss the deep elf pyromancer.
The deep elf pyromancer is moderately wounded.
The deep elf pyromancer casts a spell at you.
The sticky flame hits you.
You are covered in liquid flames!
The fire elemental barely misses you.
You barely miss the deep elf pyromancer.
The deep elf pyromancer is moderately wounded.
You are covered in liquid flames!
The deep elf pyromancer hits you with a +2 long sword of holy wrath.
The fire elemental hits you. The fire elemental burns you!
You claw the deep elf pyromancer!
Your claw misses the deep elf pyromancer.
The deep elf pyromancer is severely wounded.
You are covered in liquid flames!
The fire elemental hits you. The fire elemental burns you!
The deep elf pyromancer barely misses you.
You are too injured to fight recklessly!
You are too injured to fight recklessly!
You are too injured to fight recklessly!
You are too injured to fight recklessly!
You are too injured to fight recklessly!
You barely miss the deep elf pyromancer.
The deep elf pyromancer is severely wounded.
You are covered in liquid flames!
* * * LOW HITPOINT WARNING * * *
You are no longer on fire.
The fire elemental hits you. The fire elemental burns you!
* * * LOW HITPOINT WARNING * * *
The deep elf pyromancer hits you but does no damage.
You closely miss the deep elf pyromancer.
The deep elf pyromancer is severely wounded.
The fire elemental hits you.
* * * LOW HITPOINT WARNING * * *
The fire elemental burns you!
You die...

▓▓▓▓▓▓ ▓▓▓ .'...♣♣♣♣
♣.##### .#....♣.♣
♣♣.#___# ##....♣.♣
..#!eE# .#....~.♣♣
♣.###@#+###+#
.#...~~).♣♣♣.#..........
.#..~~~~...♣.'.⌠........
'#..~≈≈~~~.♣.#...######+
.#.~~≈~~~....#.⌠.#
.#.~≈~~~.....#...#
.#.~~~.......#)###
##...........#)::#
.............#___#


You could see a deep elf pyromancer and a fire elemental (summoned).

Vanquished Creatures
  A water elemental (D)
  Crazy Yiuf (D)
  A wizard (D)
  Jessica (D)
  A human (D)
  A kobold demonologist (D)
  An endoplasm (D)
  2 rats (D)
9 creatures vanquished.

Notes
Turn   | Place    | Note
-------+----------+-------------------------------------------
     0 | D        | sircluck the Troll Berserker began the quest for the Orb.
     0 | D        | Reached XP level 1. HP: 22/22 MP: 0/0
    17 | D        | Noticed Jessica
    18 | D        | Reached ** piety under Trog
    21 | D        | Killed Jessica
    22 | D        | Reached skill level 4 in Unarmed Combat
    22 | D        | Reached XP level 2. HP: 30/32 MP: 1/1
    22 | D        | Reached XP level 3. HP: 37/39 MP: 2/2
    66 | D        | Noticed Crazy Yiuf
    75 | D        | Killed Crazy Yiuf
    75 | D        | Reached *** piety under Trog
    76 | D        | Reached skill level 5 in Unarmed Combat
    76 | D        | Reached XP level 4. HP: 16/49 MP: 0/3
   103 | D        | Gained mutation: You occasionally lose the ability to drink
                  | potions when taking damage. [potion of mutation]
   103 | D        | Gained mutation: You expend magic power (3 MP) to
                  | strengthen your wands. [potion of mutation]
   103 | D        | Gained mutation: You have a pair of small antennae on your
                  | head. [potion of mutation]
   104 | D        | Lost mutation: You occasionally lose the ability to drink
                  | potions when taking damage. [potion of mutation]
   104 | D        | Lost mutation: You have a pair of small antennae on your
                  | head. [potion of mutation]
   104 | D        | Gained mutation: You have a pair of small antennae on your
                  | head. [potion of mutation]
   104 | D        | Gained mutation: Your spells are a little harder to cast,
                  | but a little more powerful. [potion of mutation]
   123 | D        | Noticed a water elemental
   129 | D        | Killed a water elemental
   130 | D        | Reached skill level 5 in Fighting
   130 | D        | Reached skill level 5 in Dodging
   130 | D        | Reached skill level 6 in Unarmed Combat
   172 | D        | Found a radiant altar of Vehumet.
   172 | D        | Found a shimmering blue altar of Sif Muna.
   172 | D        | Found an ancient bone altar of Kikubaaqudgha.
   172 | D        | Noticed a wizard
   175 | D        | Killed a wizard
   176 | D        | Reached XP level 5. HP: 58/58 MP: 4/4
   176 | D        | Noticed an ice devil
   180 | D        | Noticed a chaos spawn
   185 | D        | HP: 1/58 [ice devil[a kobold demonologist] (12)]
   186 | D        | Reached **** piety under Trog
   244 | D        | Found a glowing silver altar of Zin.
   244 | D        | Found a glowing golden altar of the Shining One.
   244 | D        | Found a white marble altar of Elyvilon.
   245 | D        | Noticed a deep elf pyromancer
   248 | D        | Noticed a fire elemental
   252 | D        | Slain by a fire elemental

Illustrated notes

Levels and vault maps discovered:
D:        dungeon_sprint_mu [sprint_mu_entry_forest, sprint_mu_temple_rooms,
          sprint_mu_d1_spiders, sprint_mu_d2_genie, sprint_mu_d3_branching,
          sprint_mu_orc_legion, sprint_mu_elf_gauntlet, sprint_mu_hive_nellie,
          sprint_mu_lair_fedhas, sprint_mu_vaults_butterflies,
          sprint_mu_slime_circle, sprint_mu_shoals_kraken,
          sprint_mu_snake_twists, sprint_mu_blade_basic, sprint_mu_crypt_lich,
          sprint_mu_tomb_spiral, sprint_mu_vestibule_basic,
          sprint_mu_gehenna_hellfire, sprint_mu_dis_giant,
          sprint_mu_tartarus_statrot, sprint_mu_cocytus_islands, sprint_mu_zot1]

Skill      XL: |  1  2  3  4 |
---------------+-------------+-----
Fighting       | 3 4 5 |  5.8
Dodging        | 3 4 5 |  5.7
Unarmed Combat | 4 5 6 |  6.9

Action                     |  1- 3 |  4- 6 || total
---------------------------+-------+-------++-------
  Melee: Unarmed           |    30 |    25 ||    55
         Punch             |       |     2 ||     2
    Use: Potion            |     1 |     2 ||     3
 Armour: Animal skin       |    16 |    24 ||    40
  Dodge: Dodged            |     9 |    13 ||    22

Table legend: (Time is in decaauts)
 A = Elapsed time spent in this place.
 B = Non-inter-level travel time spent in this place.
 C = Inter-level travel time spent in this place.
 D = Time resting spent in this place.
 E = Time spent auto-exploring this place.
 F = Levels seen in this place.
 G = Mean time per level.
                   A        B        C        D        E       F      G
               +--------+--------+--------+--------+--------+-----+--------+
         Total |    247 |    247 |      0 |     89 |     52 |   1 |  247.0 |
       Dungeon |    247 |    247 |      0 |     89 |     52 |   1 |  247.0 |
               +--------+--------+--------+--------+--------+-----+--------+

Top non-repeatable levels by time:
       D: 247 daAuts
